 Dungeon Crawl Stone Soup version 0.25-a0-167-g836c352ace (webtiles) character file.

Game seed: 10792643085350743186, levelgen mode: deterministic

415 Leeroy the Conjurer (level 6, -2/45 HPs)
             Began as a Draconian Conjurer on Nov 25, 2019.
             Was a Follower of Okawaru.
             Slain by an unseen horror (10 damage)
             ... on level 6 of the Dungeon.
             The game lasted 00:13:04 (5861 turns).

Leeroy the Conjurer (Draconian Conjurer)            Turns: 5861, Time: 00:13:05

Health: -2/45      AC:  9    Str: 12    XL:     6   Next: 60%
Magic:  9/9        EV: 12    Int: 16    God:    Okawaru [*.....]
Gold:   102        SH:  0    Dex: 11    Spells: 2/9 levels left

rFire    . . .     SeeInvis .   t - +0 falchion
rCold    . . .     Gourm    .   (no shield)
rNeg     . . .     Faith    .   (armour unavailable)
rPois    .         Spirit   .   (helmet restricted)
rElec    .         Reflect  .   F - +2 cloak
rCorr    .         Harm     .   (no gloves)
MR       .....                  (no boots)
Stlth    +.........             (no amulet)
HPRegen  0.15/turn              (no ring)
MPRegen  0.11/turn              (no ring)

@: confused
A: unfitting armour, cold-blooded, AC +6
a: Heroism, Renounce Religion


You were on level 6 of the Dungeon.
You worshipped Okawaru.
Okawaru was aware of your devotion.
You were not hungry.

You visited 1 branch of the dungeon, and saw 6 of its levels.

You collected 102 gold pieces.

Inventory:

Hand Weapons
 c - a +0 dagger
 n - a +0 short sword
 t - a +0 falchion (weapon)
 D - a +3 dagger
 G - a +0 rapier
Missiles
 a - 121 stones
 e - 25 poisoned darts (quivered)
Armour
 F - a +2 cloak (worn)
Jewellery
 d - a +5 ring of protection {unknown}
 j - an uncursed ring of protection from magic {unknown}
 l - an uncursed amulet of guardian spirit {unknown}
 B - an uncursed ring of magical power {unknown}
 C - an uncursed amulet of rage {unknown}
Wands
 s - a wand of flame (19)
Scrolls
 f - a scroll of blinking {unknown}
 g - 4 scrolls of identify {unknown}
 h - 2 scrolls of remove curse {unknown}
 i - 2 scrolls of random uselessness {unknown}
 k - 2 scrolls of teleportation {unknown}
 o - a scroll of magic mapping {unknown}
 q - a scroll of fog {unknown}
 v - 2 scrolls of enchant weapon {unknown}
 x - a scroll of immolation {unknown}
 y - a scroll of amnesia {unknown}
 E - a scroll of noise {unknown}
Potions
 p - a potion of haste
 r - a potion of curing {unknown}
 u - a potion of lignification {unknown}
 w - a potion of berserk rage {unknown}
 z - 2 potions of degeneration {unknown}
 A - a potion of flight {unknown}
Comestibles
 b - 7 rations


   Skills:
 - Level 4.0 Long Blades
 - Level 1.7 Dodging
 - Level 4.1 Stealth
 - Level 2.0 Spellcasting
 + Level 5.5 Conjurations


You had 2 spell levels left.
You knew the following spells:

 Your Spells              Type           Power        Failure   Level  Hunger
a - Magic Dart            Conj           ###.         2%          1    #......
b - Searing Ray           Conj           ###...       3%          2    ###....
c - Iskenderun's Mystic   Conj           ###.....     22%         4    #####..

Your spell library contained the following spells:

 Spells                   Type           Power        Failure   Level  Hunger
 Dazzling Spray           Conj/Hex       ##....       21%         3    ###....
 Force Lance              Conj/Tloc      ##......     54%         4    #####..
 Fulminant Prism          Conj/Hex       ##........   54%         4    #####..


Dungeon Overview and Level Annotations

Branches:
Dungeon (6/15)
 Temple: D:4-7

Altars:
Okawaru

Shops:
D:4 :[=*(

Annotations:
D:4 2 transporters, vurker's ghost, amateur FoAK


Innate Abilities, Weirdness & Mutations

Your plain brown scales are hard. (AC +6)
You cannot fit into any form of body armour.
You are cold-blooded and may be slowed by cold attacks.


Message History

There is a strange disturbance nearby!
Something hits you but does no damage.
Deactivating autopickup; reactivate with Ctrl-A.
Something hits you. Something hits you but does no damage.
Something barely misses you. Something hits you! Something hits you.
You hit something but do no damage. Something hits you but does no damage.
Something hits you! Something hits you but does no damage.
You hit something but do no damage. Something hits you but does no damage.
Something hits you!
* * * LOW HITPOINT WARNING * * *
You are confused.
You feel invigorated.
Something hits you but does no damage. x2
You miss something.
Your tail-slap misses something.
Something hits you.
You closely miss something. Something hits you!
* * * LOW HITPOINT WARNING * * *
You bump into the rock wall.
Something hits you. Something hits you!
* * * LOW HITPOINT WARNING * * *
Something hits you!
You die...

..# ... #.# ##########
#.# #........#.. #.#
#.######.#.# #.#
#.#)...#.#.# #.#
#.#.##.#.#.# #.#
#.#.#<...#.# #@#
#.#.#.####.# #.#
#.#.#.# #.# #.#
#.#.#.####.#####.###.#
#...#................#
##########.#####.#####
#.#####.# #......(#
#.#####.#


There were no monsters in sight!

Vanquished Creatures
  An ogre (D:4)
  A centaur skeleton (D:4)
  Ijyb (D:3)
  A worker ant (D:6)
  3 gnolls (D:3)
  A howler monkey skeleton (D:4)
  9 adders
  An ooze (D:2)
  3 adder skeletons
  4 worms
  2 dart slugs
  A leopard gecko (D:4)
  10 orcs
  9 bats
  7 giant cockroaches
  6 goblins
  8 hobgoblins
  2 jackals (D:1)
  2 quokkas
  2 ball pythons
  6 frilled lizards
  9 kobolds
  17 rats
106 creatures vanquished.

Notes
Turn   | Place    | Note
-------+----------+-------------------------------------------
     0 | D:1      | Leeroy the Draconian Conjurer began the quest for the Orb.
     0 | D:1      | Reached XP level 1. HP: 14/14 MP: 3/3
   139 | D:1      | Reached XP level 2. HP: 20/20 MP: 5/5
   726 | D:1      | Learned a level 2 spell: Searing Ray
  1125 | D:1      | Reached XP level 3. HP: 26/26 MP: 6/6
  2270 | D:2      | Found an iron altar of Okawaru.
  2279 | D:2      | Became a worshipper of Warmaster Okawaru
  2541 | D:2      | Reached XP level 4. HP: 26/33 MP: 3/7
  2643 | D:2      | Reached skill level 1 in Long Blades
  2884 | D:2      | Learned a level 4 spell: Iskenderun's Mystic Blast
  3763 | D:3      | Reached XP level 5. HP: 24/38 MP: 8/8
  4391 | D:3      | Noticed Ijyb
  4404 | D:3      | Paralysed by Ijyb for 4 turns
  4410 | D:3      | Paralysed by Ijyb for 4 turns
  4427 | D:3      | Killed Ijyb
  4675 | D:4      | Noticed a phantom
  4696 | D:4      | Found Sink's Assorted Antiques.
  4704 | D:4      | Found Peitoor's Antique Weapon Boutique.
  4705 | D:4      | Found a transporter.
  4711 | D:4      | Found a transporter.
  4724 | D:4      | Noticed vurker's ghost (amateur FoAK)
  4725 | D:4      | Noticed a hungry ghost
  4742 | D:4      | Found Xiler's Jewellery Shoppe.
  4748 | D:4      | Noticed an ogre
  4975 | D:4      | Found Anlig's Book Shoppe.
  4984 | D:4      | Reached XP level 6. HP: 39/45 MP: 9/9
  5088 | D:4      | Found Zogemouh's Armour Shop.
  5272 | D:5      | Entered Level 5 of the Dungeon
  5478 | D:4      | Reached * piety under Okawaru
  5478 | D:4      | Reached skill level 5 in Conjurations
  5861 | D:6      | Slain by an unseen horror

Levels and vault maps discovered:
D:1:      evilmike_arrival_hilbert_curve, layout_loops_ring
D:2:      layout_rooms, okawaru_ov_weapons_minmay
D:3:      layout_loops_ring, first_ration, uniq_ijyb
D:4:      minmay_octagon_keep, layout_basic, serial_shops, kennysheep_mini,
          shop, nicolae_shop_overgrown_old_shop, shop, shop,
          gammafunk_ghost_mausoleum
D:5:      layout_cave_pools, portal_sewer_entry_e
D:6:      layout_basic, basic_altar

Skill      XL: |  1  2  3  4  5  6 |
---------------+-------------------+-----
Stealth        | 2 3 4 |  4.1
Long Blades    | 2 4 |  4.0
Conjurations   | 5 |  5.5
Dodging        | |  1.7
Spellcasting   | |  2.0

Action                   |  1- 3 |  4- 6 || total
-------------------------+-------+-------++-------
Melee: Unarmed           |    14 |       ||    14
       Dagger            |    88 |    12 ||   100
       Tailslap          |    14 |    41 ||    55
       Short sword       |    46 |       ||    46
       Falchion          |     8 |   297 ||   305
 Cast: Magic Dart        |     1 |     1 ||     2
       Searing Ray       |     4 |    12 ||    16
       Iskenderun's Myst |       |     1 ||     1
  Use: Potion            |       |     5 ||     5
 Stab: Sleeping          |     8 |     9 ||    17
  Eat: Chunk             |     5 |    13 ||    18
Armor: Skin              |    63 |   128 ||   191
Dodge: Dodged            |   112 |   207 ||   319
       Rpst.: Falchion   |     5 |    69 ||    74

Table legend:
 A = Non-vault XP
 B = Vault XP
 C = Vault XP percentage of total XP
 D = Non-vault monster count
 E = Vault monster count
 F = Vault count percentage of total count
                 A         B        C        D         E       F
            +---------+---------+-------+---------+---------+-------
      Total |     555 |      39 |   6.6 |     105 |       1 |   0.9
            +---------+---------+-------+---------+---------+-------
        D:1 |      42 |       0 |   0.0 |      30 |       0 |   0.0
        D:2 |     106 |       0 |   0.0 |      25 |       0 |   0.0
        D:3 |     124 |      39 |  23.9 |      31 |       1 |   3.1
        D:4 |     241 |       0 |   0.0 |      15 |       0 |   0.0
        D:5 |       7 |       0 |   0.0 |       2 |       0 |   0.0
        D:6 |      35 |       0 |   0.0 |       2 |       0 |   0.0
            +---------+---------+-------+---------+---------+-------
